[Event "Czech Open Rapid G1 2024"]
[Site "Pardubice"]
[Date "2024.07.17"]
[Round "1.26"]
[White "Sherman, Raem"]
[Black "Gu In-Jung"]
[Result "1-0"]
[Annotator "RC"]
[ECO "B81"]
[WhiteElo "2358"]
[BlackElo "1960"]
[PlyCount "121"]
[EventDate "2024.07.16"]
[EventType "swiss"]
[EventCountry "CZE"]
[SourceTitle "playchess.com"]
[Source "ChessBase"]
[SourceQuality "1"]
[TimeControl "1200+10"]

1. e4 c5 2. Nf3 d6 3. d4 cxd4 4. Nxd4 Nf6 5. Nc3 a6 6. h3 e6 7. g4 h6 8. Bg2 Qc7 9. Be3 b5 10. e5 Bb7 11. exd6 Bxd6 12. Bxb7 Qxb7 13. O-O Be7 14. Qf3 Qxf3 15. Nxf3 Nc6 16. a3 O-O 17. Rfd1 Rac8 18. Kf1 Na5 19. Ne5 Nc4 20. Nxc4 Rxc4 21. Rd3 Rfc8 22. Bd2 Bc5 23. Rd1 b4 24. axb4 Bxb4 25. Ra1 a5 26. Be1 Kh7 27. Rad1 Bxc3 28. Rxc3 Rxc3 29. Bxc3 Nd5 30. Bxa5 Rxc2 31. Rb1 Rc5 32. Bd2 f5 33. b4 Rb5 34. Ke2 Kg6 35. Kd3 h5 36. Kc4 Rb6 37. f3 f4 38. b5 Kg5 39. Be1 hxg4 40. hxg4 Rb8 41. Kc5 Nb6 42. Rb3 Kf6 43. Bf2 Ke7 44. Kc6 Nc4 45. Bc5+ Kd8 46. Bb4 Kc8 47. Rc3 Ne3 48. Bd6 Nd5 49. Ra3 Rb6+ 50. Kc5 Rb7 51. Be5 g6 52. Ra8+ Kd7 53. Rg8 Ne7 54. Rg7 Ke8 55. Bd6 e5 56. b6 e4 57. Rxe7+ Rxe7 58. Bxe7 Kd7 59. fxe4 f3 60. Bh4 g5 61. Bf2 1-0

[Event "Czech Open Rapid G1 2024"]
[Site "Pardubice"]
[Date "2024.07.17"]
[Round "1.27"]
[White "Pacl, Vaclav"]
[Black "Movsesian, Julia"]
[Result "0-1"]
[Annotator "RC"]
[ECO "A39"]
[WhiteElo "1986"]
[BlackElo "2202"]
[PlyCount "96"]
[EventDate "2024.07.16"]
[EventType "swiss"]
[EventCountry "CZE"]
[SourceTitle "playchess.com"]
[Source "ChessBase"]
[SourceQuality "1"]
[TimeControl "1200+10"]

1. Nf3 c5 2. c4 Nf6 3. g3 Nc6 4. Bg2 g6 5. O-O Bg7 6. Nc3 O-O 7. d4 cxd4 8. Nxd4 Nxd4 9. Qxd4 d6 10. Qd3 Nd7 11. b3 Nc5 12. Qc2 Bf5 13. e4 Nxe4 14. Bxe4 Bxe4 15. Qxe4 Bxc3 16. Rb1 Qc7 17. Bh6 Rfe8 18. Rbc1 Bf6 19. h4 Qc6 20. Qe2 Qc5 21. Rfd1 Rac8 22. Rd5 Qa3 23. Rc2 Rc5 24. Rd1 Qa6 25. Be3 Rf5 26. Qd3 Qc6 27. Qe2 a6 28. Bd4 Bxd4 29. Rxd4 Re5 30. Qd1 Rc8 31. Rcd2 b5 32. Qf1 Qb6 33. Qh3 Rc7 34. Qf1 Rec5 35. cxb5 axb5 36. Qg2 Rc1+ 37. Kh2 h5 38. g4 hxg4 39. Rxg4 R7c5 40. Rg5 R1c3 41. h5 Rxg5 42. Qxg5 Rc5 43. Qxe7 Rxh5+ 44. Kg2 Qc6+ 45. f3 Rf5 46. Qe2 Rg5+ 47. Kf1 Qc5 48. Qf2 Qc1+ 0-1

[Event "Czech Open Rapid G1 2024"]
[Site "Pardubice"]
[Date "2024.07.17"]
[Round "1.28"]
[White "Freisler, Pavel"]
[Black "Svoboda, Petr"]
[Result "1-0"]
[Annotator "RC"]
[ECO "E69"]
[WhiteElo "2261"]
[BlackElo "1935"]
[PlyCount "95"]
[EventDate "2024.07.16"]
[EventType "swiss"]
[EventCountry "CZE"]
[SourceTitle "playchess.com"]
[Source "ChessBase"]
[SourceQuality "1"]
[TimeControl "1200+10"]

1. Nf3 Nf6 2. c4 g6 3. g3 Bg7 4. Bg2 d6 5. d4 O-O 6. O-O Nbd7 7. Nc3 c6 8. e4 e5 9. h3 exd4 10. Nxd4 Qc7 11. Bf4 Ne5 12. b3 Nh5 13. Be3 a5 14. Rc1 Nd7 15. Qd2 Re8 16. Rfd1 Nc5 17. Nde2 Bf8 18. Rb1 Be6 19. Nd4 Rad8 20. Nxe6 Nxe6 21. Na4 Nc5 22. Nxc5 dxc5 23. Qc2 Rxd1+ 24. Rxd1 Rd8 25. Rxd8 Qxd8 26. Qd2 Qxd2 27. Bxd2 a4 28. bxa4 Bg7 29. h4 Bd4 30. Kf1 Kf8 31. Bh3 Ke7 32. Bc8 b6 33. a5 Kd8 34. Bg4 b5 35. a6 Kc7 36. Ba5+ Kb8 37. cxb5 cxb5 38. Bd7 c4 39. Bxb5 c3 40. Bd3 Nf6 41. Ke2 Ng4 42. f3 Ne5 43. Bb4 Nc6 44. Bd6+ Ka7 45. Kd1 Bf6 46. Bc5+ Kb8 47. Bc4 Nd4 48. a7+ 1-0

[Event "Czech Open Rapid G1 2024"]
[Site "Pardubice"]
[Date "2024.07.17"]
[Round "1.29"]
[White "Neuhoff, Laertes"]
[Black "Jun, Rudolf"]
[Result "1/2-1/2"]
[Annotator "RC"]
[ECO "B33"]
[WhiteElo "2090"]
[BlackElo "2232"]
[PlyCount "83"]
[EventDate "2024.07.16"]
[EventType "swiss"]
[EventCountry "CZE"]
[SourceTitle "playchess.com"]
[Source "ChessBase"]
[SourceQuality "1"]
[TimeControl "1200+10"]

1. e4 c5 2. Nf3 Nc6 3. d4 cxd4 4. Nxd4 Nf6 5. Nc3 e5 6. Ndb5 d6 7. Bg5 a6 8. Na3 b5 9. Bxf6 gxf6 10. Nd5 Bg7 11. Bd3 Ne7 12. Nxe7 Qxe7 13. O-O O-O 14. c4 f5 15. Qf3 bxc4 16. Nxc4 d5 17. exd5 e4 18. Qe3 Qf6 19. Be2 Bb7 20. Qb6 Qxb6 21. Nxb6 Rad8 22. Rfd1 Rd6 23. Nc4 Rxd5 24. Nd6 Rxd1+ 25. Rxd1 Ba8 26. Nxf5 Bxb2 27. Bxa6 Be5 28. Bc4 h5 29. Nh6+ Kg7 30. Nxf7 Bf6 31. Nd6 Be5 32. Nf7 Bf6 33. Nd6 Be5 34. Bd5 Bxd6 35. Bxa8 Bc5 36. Bxe4 Rxf2 37. Kh1 Rxa2 38. g3 Be7 39. Rd7 Kf6 40. Rd5 h4 41. gxh4 Ra4 42. Bf3 1/2-1/2

[Event "Czech Open Rapid G1 2024"]
[Site "Pardubice"]
[Date "2024.07.17"]
[Round "1.30"]
[White "Jurek, Josef"]
[Black "Kroulik, Vaclav"]
[Result "1-0"]
[Annotator "RC"]
[ECO "A35"]
[WhiteElo "2200"]
[BlackElo "1976"]
[PlyCount "85"]
[EventDate "2024.07.16"]
[EventType "swiss"]
[EventCountry "CZE"]
[SourceTitle "playchess.com"]
[Source "ChessBase"]
[SourceQuality "1"]
[TimeControl "1200+10"]

1. Nf3 c5 2. c4 Nc6 3. Nc3 g6 4. e3 Nf6 5. d4 cxd4 6. exd4 d5 7. cxd5 Nxd5 8. Qb3 Nxc3 9. Bc4 e6 10. bxc3 Be7 11. Bh6 Bd7 12. Be2 Qc7 13. O-O Rc8 14. Rac1 Na5 15. Qb2 f6 16. c4 Kf7 17. Bd2 b6 18. Bb4 Nc6 19. Bxe7 Nxe7 20. Rfd1 Qd6 21. Qb3 Rhd8 22. Qe3 Nf5 23. Qb3 Bc6 24. c5 bxc5 25. dxc5 Qe7 26. Rxd8 Rxd8 27. Bc4 Bxf3 28. Qxf3 Nd4 29. Qe3 Kg7 30. Bf1 e5 31. f4 Nf5 32. Qf2 e4 33. c6 e3 34. Qe1 Nd4 35. Ba6 Qc7 36. Qxe3 Rd6 37. Rb1 Rxc6 38. Rb7 Qxb7 39. Bxb7 Rc1+ 40. Kf2 Rc2+ 41. Kf1 Nf5 42. Qa3 Kh6 43. Be4 1-0

[Event "Czech Open Rapid G1 2024"]
[Site "Pardubice"]
[Date "2024.07.17"]
[Round "1.31"]
[White "Park, Inchan"]
[Black "Brendel, Oliver"]
[Result "0-1"]
[Annotator "RC"]
[ECO "D77"]
[WhiteElo "1856"]
[BlackElo "2291"]
[PlyCount "92"]
[EventDate "2024.07.16"]
[EventType "swiss"]
[EventCountry "CZE"]
[SourceTitle "playchess.com"]
[Source "ChessBase"]
[SourceQuality "1"]
[TimeControl "1200+10"]

1. d4 Nf6 2. Nf3 g6 3. g3 Bg7 4. Bg2 O-O 5. O-O d5 6. c4 dxc4 7. Na3 c5 8. dxc5 c3 9. Nb5 Na6 10. c6 Qxd1 11. Rxd1 c2 12. Rd2 Nb4 13. Nfd4 Nxc6 14. Nxc6 bxc6 15. Bxc6 Rb8 16. Nd4 Rd8 17. Nb3 Bf5 18. f3 Rbc8 19. Rxd8+ Rxd8 20. e4 Rd1+ 21. Kf2 Be6 22. Nd2 Bxa2 23. Ba4 Bb1 24. Nb3 Nd7 25. Ke3 Nc5 26. Nxc5 Rxc1 27. Bxc2 Rxc2 28. Nd3 Bxb2 29. Rxb1 Bc3 30. h4 e5 31. Ne1 Bd4+ 32. Kd3 Ra2 33. g4 h5 34. Nc2 Bf2 35. Rb3 a5 36. Na3 Bxh4 37. Nc4 Bg3 38. Rb5 h4 39. Nxe5 Bxe5 40. Rxe5 h3 41. Rb5 h2 42. Rb1 Rg2 43. Rh1 a4 44. f4 a3 45. Ke3 a2 46. Kf3 Rg1 0-1

[Event "Czech Open Rapid G1 2024"]
[Site "Pardubice"]
[Date "2024.07.17"]
[Round "1.32"]
[White "Ludvik, Tomas"]
[Black "Skoloud, Barnabas"]
[Result "1-0"]
[Annotator "RC"]
[ECO "A96"]
[WhiteElo "2210"]
[BlackElo "1914"]
[PlyCount "53"]
[EventDate "2024.07.16"]
[EventType "swiss"]
[EventCountry "CZE"]
[SourceTitle "playchess.com"]
[Source "ChessBase"]
[SourceQuality "1"]
[TimeControl "1200+10"]

1. d4 e6 2. c4 f5 3. Nf3 Nf6 4. g3 Be7 5. Bg2 d6 6. O-O O-O 7. b3 Ne4 8. Bb2 Bf6 9. Nbd2 c5 10. Qc2 Nxd2 11. Qxd2 Nc6 12. Rad1 Qe7 13. Rfe1 e5 14. dxe5 dxe5 15. e4 f4 16. gxf4 exf4 17. e5 Bg5 18. e6 Bf6 19. Ba3 g5 20. Qd5 Rd8 21. Qxc5 Rxd1 22. Rxd1 g4 23. Qh5 Qxa3 24. Qf7+ Kh8 25. Qxf6+ Kg8 26. Qf7+ Kh8 27. Ng5 1-0

[Event "Czech Open Rapid G1 2024"]
[Site "Pardubice"]
[Date "2024.07.17"]
[Round "1.33"]
[White "Pejrimovsky, Tadeas Rubel"]
[Black "Berin, Artem"]
[Result "0-1"]
[Annotator "RC"]
[ECO "C00"]
[WhiteElo "1847"]
[BlackElo "2234"]
[PlyCount "70"]
[EventDate "2024.07.16"]
[EventType "swiss"]
[EventCountry "CZE"]
[SourceTitle "playchess.com"]
[Source "ChessBase"]
[SourceQuality "1"]
[TimeControl "1200+10"]

1. e4 e6 2. Nf3 d5 3. e5 c5 4. b4 cxb4 5. d4 Bd7 6. a3 bxa3 7. c3 Nc6 8. Bd3 Rc8 9. O-O h6 10. Nxa3 a6 11. Nc2 Na5 12. Bd2 Ne7 13. Ne3 Nc4 14. Nxc4 dxc4 15. Bb1 Bc6 16. Re1 Nd5 17. Kh1 a5 18. Qc2 b5 19. Ng1 b4 20. cxb4 axb4 21. Qxc4 Ne3 22. Qxc6+ Rxc6 23. Bxe3 Be7 24. Be4 Rc8 25. f4 O-O 26. f5 exf5 27. Bxf5 Ra8 28. Rab1 Qd5 29. Nf3 Ra2 30. Bg1 b3 31. Be4 Qc4 32. d5 Bb4 33. Re3 b2 34. d6 Ra1 35. Bd3 Qc1 0-1

[Event "Czech Open Rapid G1 2024"]
[Site "Pardubice"]
[Date "2024.07.17"]
[Round "1.34"]
[White "Bouska, Jiri"]
[Black "Pejrimovska, Viola Ruby"]
[Result "1-0"]
[Annotator "RC"]
[ECO "B33"]
[WhiteElo "2222"]
[BlackElo "1780"]
[PlyCount "79"]
[EventDate "2024.07.16"]
[EventType "swiss"]
[EventCountry "CZE"]
[SourceTitle "playchess.com"]
[Source "ChessBase"]
[SourceQuality "1"]
[TimeControl "1200+10"]

1. e4 c5 2. Nf3 Nc6 3. d4 cxd4 4. Nxd4 Nf6 5. Nc3 e5 6. Ndb5 d6 7. Nd5 Nxd5 8. exd5 Ne7 9. c4 Nf5 10. Bd3 Be7 11. O-O O-O 12. Qc2 g6 13. Bxf5 Bxf5 14. Qe2 a6 15. Nc3 g5 16. c5 Bg6 17. cxd6 Bxd6 18. Be3 f5 19. f3 g4 20. f4 exf4 21. Bxf4 Re8 22. Qd2 b5 23. a3 Bxf4 24. Qxf4 Qb6+ 25. Kh1 Rad8 26. Rfe1 Rxe1+ 27. Rxe1 Qd6 28. Qg5 Rd7 29. Re8+ Kg7 30. Re6 Qf8 31. Qf4 Qf7 32. Qe5+ Kg8 33. Ne2 Qg7 34. Re8+ Bxe8 35. Qxe8+ Qf8 36. Qxd7 h5 37. Nf4 Qc5 38. Qe8+ Kh7 39. Qf7+ Kh8 40. Ng6# 1-0

[Event "Czech Open Rapid G1 2024"]
[Site "Pardubice"]
[Date "2024.07.17"]
[Round "1.35"]
[White "Pipek, Petr"]
[Black "Alexikov, Alexander"]
[Result "0-1"]
[Annotator "RC"]
[ECO "E90"]
[WhiteElo "1759"]
[BlackElo "2183"]
[PlyCount "68"]
[EventDate "2024.07.16"]
[EventType "swiss"]
[EventCountry "CZE"]
[SourceTitle "playchess.com"]
[Source "ChessBase"]
[SourceQuality "1"]
[TimeControl "1200+10"]

1. d4 Nf6 2. c4 g6 3. Nc3 Bg7 4. Nf3 O-O 5. e4 d6 6. Bd3 Nc6 7. O-O Bg4 8. Ne2 Nb4 9. Be3 Nxd3 10. Qxd3 Bxf3 11. gxf3 Nd7 12. Rac1 c5 13. f4 Kh8 14. b3 b6 15. Rfd1 Qe8 16. Nc3 Rc8 17. dxc5 Nxc5 18. Bxc5 Rxc5 19. Kg2 Rh5 20. Qf3 f5 21. Rd5 Qf7 22. exf5 gxf5 23. Ne2 Rh6 24. Ng3 Rg6 25. Kh1 e5 26. Nh5 Rg4 27. Nxg7 Rxf4 28. Qg3 Rg4 29. Qh3 Qxg7 30. Rxd6 Rg8 31. Rdd1 Qg6 32. Qe3 Re4 33. Qg3 Qc6 34. Qf3 Re1+ 0-1

[Event "Czech Open Rapid G1 2024"]
[Site "Pardubice"]
[Date "2024.07.17"]
[Round "1.36"]
[White "Hosticka, Frantisek"]
[Black "Soucek, Andrej"]
[Result "1-0"]
[Annotator "RC"]
[ECO "B51"]
[WhiteElo "2062"]
[BlackElo "1889"]
[PlyCount "117"]
[EventDate "2024.07.16"]
[EventType "swiss"]
[EventCountry "CZE"]
[SourceTitle "playchess.com"]
[Source "ChessBase"]
[SourceQuality "1"]
[TimeControl "1200+10"]

1. e4 c5 2. Nf3 d6 3. Bb5+ Nd7 4. O-O a6 5. Be2 Ngf6 6. d3 g6 7. Re1 Bg7 8. Nbd2 O-O 9. Nf1 b5 10. Ng3 Bb7 11. c3 Rc8 12. h3 c4 13. dxc4 bxc4 14. Bf1 Qc7 15. Qa4 Nc5 16. Qxc4 Ncxe4 17. Qxc7 Rxc7 18. Nxe4 Nxe4 19. Be3 Rb8 20. Rad1 Ba8 21. Bc1 Nc5 22. Nd4 Bf6 23. Nc2 a5 24. Ne3 Na4 25. Re2 h5 26. Nd5 Bxd5 27. Rxd5 Rc5 28. Rxc5 Nxc5 29. Rc2 Kg7 30. g4 hxg4 31. hxg4 Kf8 32. Be2 a4 33. Kg2 Ke8 34. Be3 Ne6 35. f4 Kd7 36. Bf3 Nd8 37. Kg3 Nc6 38. g5 Bg7 39. Bg4+ e6 40. Bf3 Na5 41. Ba7 Rc8 42. Be2 a3 43. b4 Nc4 44. b5 d5 45. b6 Ne3 46. Rc1 Kc6 47. Ba6 Nf5+ 48. Kf2 Nd6 49. Bxc8 Nxc8 50. Rh1 Bxc3 51. Rh7 Bd4+ 52. Kf3 Nxa7 53. bxa7 Bxa7 54. Rxf7 Bd4 55. Rf8 Bb2 56. Rg8 d4 57. Ke4 Kc5 58. Kd3 Bc1 59. Ke4 1-0

[Event "Czech Open Rapid G1 2024"]
[Site "Pardubice"]
[Date "2024.07.17"]
[Round "2.1"]
[White "Navara, David"]
[Black "Freisler, Pavel"]
[Result "1-0"]
[Annotator "TA"]
[ECO "E48"]
[WhiteElo "2682"]
[BlackElo "2261"]
[PlyCount "59"]
[EventDate "2024.07.16"]
[EventType "swiss"]
[EventCountry "CZE"]
[SourceTitle "playchess.com"]
[Source "ChessBase"]
[SourceQuality "1"]
[TimeControl "1200+10"]

1. d4 Nf6 2. c4 e6 3. Nc3 Bb4 4. e3 O-O 5. Bd3 d5 6. cxd5 exd5 7. Nge2 Re8 8. O-O c6 9. f3 c5 10. a3 cxd4 11. axb4 dxc3 {[%emt 0:00:02] Weiß steht etwas besser.} 12. b5 cxb2 13. Bxb2 Nbd7 (13... Rxe3 $11 14. Qc2 Re8) 14. Bd4 $14 a6 15. Nc3 {[%emt 0:02:22] Weiß steht aktiver.} Ne5 16. Be2 Bd7 17. bxa6 bxa6 18. Bxa6 Bc6 19. Qb3 Qd7 20. Rfb1 h5 21. Qc2 h4 22. h3 ({Vorzuziehen ist} 22. Ne2 $16) 22... Qe6 (22... Nxf3+ $2 23. gxf3 Qxh3 24. Qg2 $18) ({Besser ist} 22... Nh5 $1 $14) 23. Qf2 $16 g5 $2 {[%emt 0:02:14][%mdl 8192] [#] Das kostet Schwarz die Partie.} (23... Bd7 $16 {ist zäher.}) 24. f4 $18 {[%emt 0:00:25] Weiß steht klar auf Gewinn.} gxf4 (24... Nc4 $142 25. fxg5 Nh7 26. Bxc4 (26. Qxh4 Qg6 $18) 26... Rxa1 27. Rxa1 dxc4 28. Qxh4 Qf5) 25. exf4 (25. Qxh4 f3 26. Qg5+ Kh8 $14) 25... Nc4 26. f5 Qd6 27. Bxc4 {[%emt 0:00:56] [#] Zielt auf Rxa8 ab. Das Läuferpaar ist gut.} Rxa1 28. Rxa1 dxc4 29. Qxh4 Re5 30. Qg3+ {[%emt 0:00:05] Gewichteter Fehlerwert: Weiß=0.16 (sehr präzise) /Schwarz=0.57.  Verlustzug:     	---       	Schwarz=1     Fehler:       	Weiß=1     	Schwarz=3     Ungenau:       	---       	Schwarz=1     OK:         	Weiß=6     	Schwarz=3     Bester:       	Weiß=2     	---} 1-0

[Event "Czech Open Rapid G1 2024"]
[Site "Pardubice"]
[Date "2024.07.17"]
[Round "2.2"]
[White "Jurek, Josef"]
[Black "Nisipeanu, Liviu-Dieter"]
[Result "0-1"]
[Annotator "RC"]
[ECO "E06"]
[WhiteElo "2200"]
[BlackElo "2583"]
[PlyCount "76"]
[EventDate "2024.07.16"]
[EventType "swiss"]
[EventCountry "CZE"]
[SourceTitle "playchess.com"]
[Source "ChessBase"]
[SourceQuality "1"]
[TimeControl "1200+10"]

1. Nf3 Nf6 2. c4 e6 3. g3 d5 4. Bg2 Be7 5. d4 O-O 6. O-O c6 7. Qc2 b6 8. b3 a5 9. Nbd2 Bb7 10. e4 Na6 11. a3 Rc8 12. Bb2 c5 13. exd5 exd5 14. Qf5 dxc4 15. Nxc4 Be4 16. Qf4 b5 17. Nce5 c4 18. bxc4 bxc4 19. Rac1 Qd5 20. Nh4 Bxg2 21. Nxg2 Qb5 22. Qd2 c3 23. Bxc3 Bxa3 24. Rb1 Bb4 25. Bxb4 Nxb4 26. Ne3 Ne4 27. Qb2 Qb7 28. N3c4 Rxc4 29. Nxc4 Ng5 30. f3 Nxf3+ 31. Rxf3 Qxf3 32. Nxa5 Nd3 33. Qd2 Qe4 34. Rd1 Qxd4+ 35. Kf1 Rd8 36. Nc6 Qf6+ 37. Qf4 Qxc6 38. Rxd3 Qb5 0-1

[Event "Czech Open Rapid G1 2024"]
[Site "Pardubice"]
[Date "2024.07.17"]
[Round "2.3"]
[White "Movsesian, Sergei"]
[Black "Ludvik, Tomas"]
[Result "1-0"]
[Annotator "RC"]
[ECO "C42"]
[WhiteElo "2618"]
[BlackElo "2210"]
[PlyCount "127"]
[EventDate "2024.07.16"]
[EventType "swiss"]
[EventCountry "CZE"]
[SourceTitle "playchess.com"]
[Source "ChessBase"]
[SourceQuality "1"]
[TimeControl "1200+10"]

1. e4 e5 2. Nf3 Nf6 3. Nxe5 d6 4. Nf3 Nxe4 5. c4 Be7 6. d4 O-O 7. Bd3 d5 8. O-O Nc6 9. Nc3 Nxc3 10. bxc3 dxc4 11. Bxc4 Bg4 12. Re1 Qd6 13. h3 Bh5 14. Be3 Rad8 15. Be2 Bf6 16. Qb3 b6 17. Qb5 Bg6 18. Nd2 Ne7 19. Nc4 Qd7 20. a4 Nd5 21. Bd2 c6 22. Qb3 c5 23. Bg4 Bf5 24. Ne5 Bxe5 25. Bxf5 Qxf5 26. Rxe5 Qd3 27. Rd1 c4 28. Qb1 Qxb1 29. Rxb1 f6 30. Re4 Kf7 31. g4 Rfe8 32. f3 g6 33. Kf2 Re6 34. a5 Rde8 35. axb6 axb6 36. Rb5 Nc7 37. Rb2 Nd5 38. Rxe6 Rxe6 39. Ra2 Re7 40. Ra4 Rc7 41. Ke2 Ke6 42. Kd1 Kf7 43. Kc2 b5 44. Ra5 Rb7 45. Bc1 Nc7 46. Ba3 Nd5 47. Bc5 h5 48. Ra8 Nf4 49. Rf8+ Kg7 50. Rc8 Nxh3 51. d5 Nf4 52. d6 Ne6 53. gxh5 gxh5 54. Bf2 f5 55. Bg3 Kf7 56. Rc7+ Nxc7 57. dxc7 Rxc7 58. Bxc7 Kg6 59. Bf4 h4 60. Kd2 h3 61. Ke2 Kh5 62. Kf2 Kh4 63. Kg1 Kh5 64. Kh1 1-0

[Event "Czech Open Rapid G1 2024"]
[Site "Pardubice"]
[Date "2024.07.17"]
[Round "2.4"]
[White "Brendel, Oliver"]
[Black "Stocek, Jiri"]
[Result "0-1"]
[Annotator "TA"]
[ECO "A10"]
[WhiteElo "2291"]
[BlackElo "2524"]
[PlyCount "68"]
[EventDate "2024.07.16"]
[EventType "swiss"]
[EventCountry "CZE"]
[SourceTitle "playchess.com"]
[Source "ChessBase"]
[SourceQuality "1"]
[TimeControl "1200+10"]

1. c4 b6 2. Nc3 Bb7 3. e4 e6 4. g3 Bb4 5. Nge2 f5 6. Bg2 Nf6 7. d3 O-O 8. O-O {[%emt 0:00:05] White is slightly better.} Na6 (8... fxe4 $11 {remains equal.} 9. Bg5 (9. dxe4 a5 $14) (9. Nxe4 Nxe4 10. dxe4 Bc5 $11) 9... Bxc3 10. Nxc3 h6 11. Nxe4 (11. Bxe4 Nc6 $11) 11... Bxe4 (11... hxg5 12. Nxf6+ Qxf6 13. Bxb7 $16) 12. Bxe4 hxg5 13. Bxa8 c6) 9. a3 Bxc3 10. Nxc3 fxe4 11. b4 {[%emt 0:01:16][%cal Rd3e4] Wards off Nc5} (11. Nxe4 Nxe4 12. dxe4 (12. Bxe4 Nc5 $11) 12... Nc5 $11) 11... d5 12. cxd5 (12. Bf4 $14) 12... exd5 (12... exd3 $11 13. Qxd3 (13. dxe6 Bxg2 14. Kxg2 c5 $11) 13... exd5) 13. dxe4 $14 Nxe4 14. Nxe4 dxe4 15. Qe2 Qe7 16. Bf4 Rad8 17. Rfe1 {[%emt 0:00:43][%cal Oe2c2][%mdl 1024] White has compensation.} Rfe8 18. Rac1 c5 19. b5 ({White should play} 19. Bf1 $11) 19... Nc7 $15 20. Rc4 $2 {[%emt 0:00:12] [#]} (20. Qc2 $15) 20... Ne6 21. Bxe4 (21. Be5 {was necessary.}) 21... Nxf4 22. gxf4 Qh4 (22... Qf7 $19 23. Ra4 Bxe4 (23... Qxf4 $2 {loses.} 24. Bd5+ Bxd5 25. Qxe8+ Rxe8 26. Rxe8+ Kf7 27. Rxf4+ $18) 24. Rxe4 Rxe4 25. Qxe4 h6) 23. Qf3 $17 Kh8 24. Rcc1 (24. Rc3 $17 {is a better defense.}) 24... Rxe4 $19 25. Rxe4 h6 (25... Bxe4 $17 26. Qxe4 Qg4+ 27. Kh1 Qd7) 26. Rce1 $1 $15 Bxe4 27. Rxe4 {[%emt 0:00:39][%mdl 4096] Endgame. KQR-KQR} Qf6 $36 {[%emt 0:00:04][%mdl 2048] White is under pressure.} 28. h3 Rf8 {[%emt 0:00:43] Black is more active.} (28... Qg6+ $17 29. Kh2 Rd1) 29. a4 $11 Kh7 30. Kh2 Qd6 31. Qe3 Rf6 32. h4 Qd1 {[%emt 0:01:20] [#] Hoping for ...Rg6.} 33. Re5 $2 (33. Re7 $15) 33... Rg6 $19 {[%emt 0:00:16] ( -> ...Qg1+)} ({Less strong is} 33... Qxa4 34. Qd3+ Rg6 35. Qf3 $17) 34. Qe4 Qg1+ {[%emt 0:00:07] Weighted Error Value: White=0.76/Black=0.26 (precise) .  Loses game:     	White=2     	---        Mistake:       	White=4     	Black=5      Inaccurate:     	White=5     	Black=3      OK:         	White=4     	Black=9      Best:        	White=2     	Black=3      Strong:       	White=1     	---} 0-1

[Event "Czech Open Rapid G1 2024"]
[Site "Pardubice"]
[Date "2024.07.17"]
[Round "2.5"]
[White "Pulpan, Jakub"]
[Black "Bouska, Jiri"]
[Result "1/2-1/2"]
[Annotator "TA"]
[ECO "A13"]
[WhiteElo "2383"]
[BlackElo "2222"]
[PlyCount "160"]
[EventDate "2024.07.16"]
[EventType "swiss"]
[EventCountry "CZE"]
[SourceTitle "playchess.com"]
[Source "ChessBase"]
[SourceQuality "1"]
[TimeControl "1200+10"]

1. Nf3 d5 2. e3 Nf6 3. c4 e6 4. b3 Bd6 5. Bb2 O-O 6. Be2 Re8 7. d4 b6 8. O-O Bb7 9. Nc3 Nbd7 10. Rc1 a6 11. Qc2 c5 12. cxd5 exd5 13. dxc5 bxc5 14. Rfd1 Qe7 15. Qf5 Qe6 16. Bd3 Qxf5 17. Bxf5 Nb6 18. Nb1 Ne4 19. Ba3 Bf8 20. Nfd2 Re5 21. Bh3 g6 22. Nxe4 dxe4 23. Nc3 f5 24. g3 Ree8 25. Bf1 Rad8 26. Rxd8 Rxd8 27. Nb1 Rc8 28. Nd2 Bd5 29. Nc4 Nxc4 30. Bxc4 Bxc4 31. Rxc4 a5 32. Bb2 Bd6 33. Bc3 Ra8 34. Ra4 Bc7 $1 35. a3 (35. f3 $14) 35... Rb8 36. b4 cxb4 37. axb4 axb4 38. Bxb4 Be5 39. Kg2 Rb7 40. Bc5 Kf7 41. Ra8 Rc7 42. Ba3 Rd7 43. g4 Bd6 (43... fxg4 $11 44. Ra4 h5) 44. gxf5 gxf5 45. Bb2 Rb7 46. Bd4 Bf8 47. Ra5 Kg6 48. Ra6+ Kg5 49. Kg3 Bg7 50. Bxg7 Rxg7 51. h4+ Kh5+ 52. Kf4 Rg2 53. Ra2 Rg4+ $2 (53... Kxh4 $11 54. Kxf5 Rg8) 54. Kxf5 $18 Rxh4 55. Ra1 Rh2 56. Ra2 ({Inferior is} 56. Kxe4 Rxf2 57. Rg1 Rf8 $11) 56... Rh4 57. Ra7 h6 58. Rf7 Rg4 59. Rf6 Rh4 60. Ke5 Kg5 61. Rf5+ Kg6 62. Rf4 Kg5 $2 (62... Rh2 $18 63. Kxe4 Rh5) 63. Rxh4 ({Weaker is} 63. Kxe4 Rxf4+ 64. exf4+ Kf6 $11) 63... Kxh4 64. Kxe4 Kg4 65. f3+ $2 (65. Kd3 {mates} Kf3 66. e4 Kf4 67. f3 (67. Kd4 h5 $18) 67... Ke5 68. Ke3 Kd6 69. f4 h5 70. Kf3) 65... Kg3 $11 66. f4 h5 67. f5 (67. Ke5 $5 h4 $8 68. f5 $11) 67... h4 68. f6 (68. Ke5 $5 h3 $8 69. f6 $11) 68... h3 69. f7 h2 70. f8=Q h1=Q+ 71. Ke5 Qa1+ 72. Kd5 Qa2+ 73. Kd4 Qa1+ 74. Kc4 Qc1+ 75. Kd3 Qd1+ 76. Ke4 Qb1+ 77. Ke5 Qb2+ 78. Kd5 Qb3+ 79. Kd4 Qb2+ 80. Kc4 Qe2+ 1/2-1/2